 Dungeon Crawl Stone Soup version 0.31-a0-521-gc7390f8997 (webtiles) character file.

Game seed: 16235119741461713410

2092 javelincjr the Sneak (level 9, -3/54 HPs)
             Began as an Octopode Hedge Wizard on Aug 10, 2023.
             Was an Initiate of Sif Muna.
             Killed by an exploding jelly (11 damage)
             ... ignited by their inner flame
             ... on level 7 of the Dungeon.
             The game lasted 00:35:01 (6672 turns).

javelincjr the Sneak (Octopode Hedge Wizard)        Turns: 6672, Time: 00:35:02

Health: -3/54      AC:  3    Str: 10    XL:     9   Next: 27%
Magic:  0/25       EV: 14    Int: 20    God:    Sif Muna [......]
Gold:   347        SH:  0    Dex: 11    Spells: 8/18 levels left

rFire   . . .        E - +7 flail of the Evening {heavy, rElec rCorr}
rCold   . . .        (no shield)
rNeg    + . .        b - +2 hat
rPois   .            t - amulet of guardian spirit
rElec   +            h - ring of positive energy
rCorr   +            y - ring of magical power
SInv    .            D - ring of willpower
Will    +....        (no ring)
Stlth   ++++         (no ring)
HPRegen 0.29/turn    (no ring)
MPRegen 0.19/turn    (no ring)
                     (no ring)

%: guardian spirit
@: no status effects
A: almost no armour, amphibious, 8 rings, camouflage 1, gelatinous body 1,
(nimble swimmer 1), tentacles
a: Renounce Religion


You were on level 7 of the Dungeon.
You worshipped Sif Muna.
Sif Muna was noncommittal.
You visited 2 branches of the dungeon, and saw 8 of its levels.

You collected 347 gold pieces.

Inventory:

Hand Weapons
 a - a +0 dagger
 j - a +4 dagger of holy wrath
 k - a +3 spear
 s - a +3 dagger of protection
 E - the +7 flail of the Evening (weapon) {heavy, rElec rCorr}
   (You found it on level 6 of the Dungeon)

   rElec:     It insulates you from electricity.
   rCorr:     It protects you from acid and corrosion.
Missiles
 n - 10 poisoned darts
 G - a curare-tipped dart
 H - a throwing net
Armour
 b - a +2 hat (worn)
Magical Staves
 x - a staff of cold
Jewellery
 h - a ring of positive energy (left tentacle)
 t - an amulet of guardian spirit (around mantle)
 y - a ring of magical power (right tentacle)
 D - a ring of willpower (on tentacle)
Wands
 I - a wand of paralysis (8)
Scrolls
 d - 4 scrolls of fear
 f - 3 scrolls of poison
 q - 2 scrolls of immolation
 u - a scroll of noise
 w - a scroll of enchant armour
 B - a scroll of enchant weapon {unknown}
 C - 2 scrolls of identify
Potions
 c - 4 potions of magic
 e - a potion of haste {unknown}
 g - a potion of lignification {unknown}
 i - 2 potions of mutation
 l - 5 potions of curing
 m - 3 potions of enlightenment
 o - 2 potions of might
 p - a potion of heal wounds
 r - 2 potions of ambrosia
 v - a potion of attraction {unknown}
 F - a potion of resistance {unknown}


   Skills:
 + Level 1.6 Fighting
 + Level 1.7 Maces & Flails
 + Level 5.2 Dodging
 + Level 7.3 Stealth
 + Level 5.2 Spellcasting
 + Level 4.7 Conjurations
 + Level 4.5 Summonings
 + Level 4.5 Translocations


You had 8 spell levels left.
You knew the following spells:

 Your Spells              Type           Power      Damage    Failure   Level
a - Magic Dart            Conj           96%        1d7       1%          1
b - Call Imp              Summ           46%        N/A       2%          2
c - Blink                 Tloc           46%        N/A       2%          2
d - Scorch                Fire           10%        2d5       17%         2
e - Call Canine Familiar  Summ           23%        N/A       5%          3

Your spell library contained the following spells:

 Spells                   Type           Power      Damage    Failure   Level
 Slow                     Hex            20%        N/A       12%         1
 Portal Projectile        Hex/Tloc       28%        N/A       14%         3
 Vhi's Electric Charge    Tloc/Air       28%        N/A       14%         3
 Cigotuvi's Dreadful Rot  Necr/Pois/Air  10%        N/A       17%         2
 Mephitic Cloud           Conj/Pois/Air  11%        N/A       19%         3
 Manifold Assault         Tloc           23%        N/A       19%         4
 Confusing Touch          Hex            5%         N/A       34%         3
 Vampiric Draining        Necr           5%         2d6       34%         3
 Flame Wave               Conj/Fire      14%        2d6       41%         4
 Leda's Liquefaction      Hex/Erth       2%         N/A       75%         4
 Arcjolt                  Conj/Air       7%         1d17      77%         5
 Summon Cactus Giant      Summ           11%        N/A       95%         6
 Plasma Beam              Fire/Air       2%         2x1d12    100%        6
 Malign Gateway           Summ/Tloc      11%        N/A       100%        7
 Summon Horrible Things   Summ           11%        N/A       100%        8


Dungeon Overview and Level Annotations

Branches:
Dungeon (7/15)             Temple (1/1) D:7

Altars:
Ashenzari
Cheibriados
Dithmenos
Elyvilon
Fedhas
Gozag
Hepliaklqana
Kikubaaqudgha
Makhleb
Nemelex Xobeh
Okawaru
Qazlal
Ru
Sif Muna
Trog
Uskayaw
Vehumet
Wu Jian
Xom
Yredelemnul
Zin

Shops:
D:2 [


Innate Abilities, Weirdness & Mutations

You cannot wear most types of armour.
You are amphibious.
You can wear up to eight rings at the same time.
Your skin changes colour to match your surroundings (Stealth+).
Your rubbery body absorbs attacks. (AC +1, EV +1)
((You are camouflaged when in or above water. (Stealth+)))
You have tentacles for arms and can constrict up to eight enemies at once.


Message History

You are frozen.
As you read the scroll labelled XUNLOL DEOL, it crumbles to dust.
Your body is wracked with pain!
The slime creature convulses!
Flame seeps out of the slime creature.
The endoplasm convulses!
Flame seeps out of the endoplasm.
The endoplasm convulses!
Flame seeps out of the endoplasm.
The jelly convulses!
Flame seeps out of the jelly.
The endoplasm convulses!
Flame seeps out of the endoplasm.
The endoplasm convulses!
Flame seeps out of the endoplasm.
The endoplasm convulses!
Flame seeps out of the endoplasm.
The endoplasm convulses!
Flame seeps out of the endoplasm.
The endoplasm convulses!
Flame seeps out of the endoplasm.
The endoplasm convulses!
Flame seeps out of the endoplasm.
The endoplasm convulses!
Flame seeps out of the endoplasm.
The endoplasm convulses!
Flame seeps out of the endoplasm.
The endoplasm convulses!
Flame seeps out of the endoplasm.
The endoplasm convulses!
Flame seeps out of the endoplasm.
It was a scroll of torment.
The endoplasm is engulfed in blazing flames.
Sif Muna accepts your kill.
The endoplasm explodes!
The fiery explosion engulfs the endoplasm!
Sif Muna accepts your kill.
The fiery explosion engulfs the endoplasm!!!
Sif Muna accepts your kill.
The fiery explosion engulfs the endoplasm!!
Sif Muna accepts your kill.
The fiery explosion engulfs the endoplasm!!
Sif Muna accepts your kill. The fiery explosion engulfs you!!
* * * LOW HITPOINT WARNING * * *
The endoplasm explodes!
The fiery explosion engulfs the endoplasm!!!
Sif Muna accepts your kill.
The fiery explosion engulfs the endoplasm!!
Sif Muna accepts your kill.
The fiery explosion engulfs the jelly!!!
Sif Muna accepts your kill.
The jelly explodes!
The fiery explosion engulfs you!
You die...

#..#############.##.##.#
#.......................
#.###########.>.........
#.###########.......#...
#.####...####..#.####...
#.##...○§J.##..#.##.....
#.##.§§○○JJ'...#.#......
#.##.○○○○JJ##.##.#.##...
#.####○@J####...........
#.################.##...
#..................#....
##################.#####
############### #.#
############### ###
###############
###############


You could see a slime creature (inner flame) and 5 endoplasms.

Vanquished Creatures
  Grinder (D:3)
  A water moccasin (D:6)
  A black bear (D:6)
  An ogre (D:5)
  2 centaurs
  A kobold brigand (D:7)
  A bullfrog (D:7)
  2 scorpions
  4 howler monkeys
  3 hounds
  4 jellies
  2 gnoll boudas
  2 orc wizards
  10 gnolls
  3 adders
  A white imp (D:5)
  4 ufetubi
  3 worms
  A dart slug (D:3)
  12 orcs
  7 bats
  17 endoplasms
  3 giant cockroaches
  7 hobgoblins
  A jackal (D:2)
  5 kobolds
  4 quokkas
  4 ball pythons
  4 frilled lizards
  19 goblins
  8 rats
  A spectral orc (D:6)
139 creatures vanquished.

Vanquished Creatures (collateral kills)
  A steam dragon (D:7)
  A black bear (D:6)
  Blork the orc (D:6)
  A bullfrog (D:3)
  A howler monkey (D:7)
  2 hounds (D:6)
  Robin (D:3)
  2 adders
  A worm (D:2)
  A dart slug (D:4)
  7 orcs (D:5)
  An endoplasm (D:7)
  2 goblins (D:2)
  A quokka (D:2)
23 creatures vanquished.

Vanquished Creatures (others)
  A wizard (D:6)
  A kobold (D:7)
2 creatures vanquished.

Grand Total: 164 creatures vanquished

Notes
Turn   | Place    | Note
-------+----------+-------------------------------------------
     0 | D:1      | javelincjr the Octopode Hedge Wizard began the quest for
                  | the Orb.
     0 | D:1      | Reached XP level 1. HP: 11/11 MP: 4/4
   413 | D:1      | Reached XP level 2. HP: 15/17 MP: 0/6
   872 | D:1      | Found a faded altar of an unknown god.
   923 | D:1      | Reached skill level 3 in Stealth
  1119 | D:2      | Learned a level 2 spell: Call Imp
  1122 | D:2      | Learned a level 2 spell: Blink
  1456 | D:2      | Reached XP level 3. HP: 20/21 MP: 7/7
  1560 | D:2      | Found Cuonaj's Antique Armour Shop.
  1734 | D:2      | Found an opulent altar of Gozag.
  2136 | D:2      | Reached XP level 4. HP: 16/27 MP: 8/8
  2267 | D:3      | Noticed Robin
  2565 | D:3      | Noticed a bullfrog
  2582 | D:3      | Killed a bullfrog
  2583 | D:3      | Reached skill level 4 in Stealth
  2583 | D:3      | Reached XP level 5. HP: 13/31 MP: 7/10
  2659 | D:3      | Killed Robin
  2755 | D:3      | Learned a level 2 spell: Scorch
  2863 | D:3      | Noticed Grinder
  3116 | D:3      | Paralysed by Grinder for 4 turns
  3121 | D:3      | Killed Grinder
  3122 | D:3      | Reached XP level 6. HP: 36/36 MP: 3/11
  3213 | D:3      | Found an opulent altar of Gozag.
  3349 | D:3      | Found a stormy altar of Qazlal.
  3486 | D:4      | Found a broken altar of Ashenzari.
  3575 | D:4      | Reached skill level 5 in Stealth
  3575 | D:4      | Reached XP level 7. HP: 40/41 MP: 6/12
  3941 | D:4      | Found an iron altar of Okawaru.
  3971 | D:4      | Found a radiant altar of Vehumet.
  4467 | D:5      | Entered Level 5 of the Dungeon
  4764 | D:5      | Learned a level 3 spell: Call Canine Familiar
  4770 | D:5      | Found a hide-covered altar of Uskayaw.
  4803 | D:5      | Found a snail-covered altar of Cheibriados.
  5180 | D:6      | Reached XP level 8. HP: 36/46 MP: 2/14
  5325 | D:6      | Reached skill level 6 in Stealth
  5634 | D:6      | Found an ancient bone altar of Kikubaaqudgha.
  5725 | D:6      | Found a sparkling altar of Nemelex Xobeh.
  5756 | D:6      | Found a basalt altar of Yredelemnul.
  5820 | D:6      | Noticed Blork the orc
  5837 | D:6      | Killed Blork the orc
  6010 | D:6      | Identified the +7 flail of the Evening {heavy, rElec rCorr}
  6088 | D:6      | Found a bloodstained altar of Trog.
  6089 | D:6      | Noticed a wizard
  6094 | D:6      | Killed a wizard
  6277 | D:7      | Found a staircase to the Ecumenical Temple.
  6300 | D:7      | Reached skill level 5 in Spellcasting
  6301 | D:7      | Reached skill level 1 in Fighting
  6301 | D:7      | Reached skill level 1 in Maces & Flails
  6301 | D:7      | Reached skill level 7 in Stealth
  6301 | D:7      | Reached XP level 9. HP: 35/53 MP: 5/16
  6337 | Temple   | Entered the Ecumenical Temple
  6355 | D:7      | Reached skill level 5 in Dodging
  6560 | D:7      | Found a shimmering blue altar of Sif Muna.
  6567 | D:7      | Became a worshipper of Sif Muna the Loreminder
  6672 | D:7      | Killed by an exploding jelly... ignited by their inner
                  | flame

Illustrated notes

Levels and vault maps discovered:
D:1:      heliophobic_arrival_ceremonial_halls, layout_basic,
          shapermc_ecumenical_altar_flowoftime
D:2:      minmay_spotlight, layout_loops_corners, serial_shops, shop,
          basic_altar, minmay_joined_circles
D:3:      layout_rooms, nicolae_gozag_seed_capital,
          nicolae_qazlal_eye_of_the_storm, grunt_ministairs_2,
          serial_park_tiny_pond, uniq_grinder, uniq_robin
D:4:      layout_cave_pods, nicolae_vehumet_radiance,
          mainiacjoe_overflow_24_doors, okawaru_metal_pillars_1_2
D:5:      layout_cave_pools, kennysheep_little_box,
          nicolae_uskayaw_murder_on_the_dancefloor
D:6:      layout_rooms, overflow_temple_1_default, trog_wizard,
          nemelex_spade_bored_becter, yredelemnul_forgotten_temple_becter,
          hangedman_abyss_or_decor_lesser_grid, uniq_blork_the_orc
D:7:      lemuel_slime, layout_basic, mainiacjoe_overflow_boulevard,
          minmay_temple_entry_glass, serial_shops, shop, enter_bailey_4
Temple:   dpeg_three_leaves_temple

Skill      XL: |  1  2  3  4  5  6  7  8  9 |
---------------+----------------------------+-----
Stealth        | 3 4 5 7 |  7.3
Conjurations   | 2 3 4 |  4.7
Summonings     | 2 3 4 |  4.5
Translocations | 2 3 4 |  4.5
Dodging        | 3 4 5 |  5.2
Spellcasting   | 4 5 |  5.2
Fighting       | 1 |  1.6
Maces & Flails | 1 |  1.7

Action                     |  1- 3 |  4- 6 |  7- 9 || total
---------------------------+-------+-------+-------++-------
  Melee: Dagger            |    36 |    46 |    72 ||   154
         Constrict         |    35 |    18 |    26 ||    79
         Tentacles         |    10 |    13 |    22 ||    45
         Spear             |    54 |    39 |       ||    93
         Punch             |       |     1 |     1 ||     2
         Flail             |       |       |    31 ||    31
   Cast: Magic Dart        |    33 |    30 |    51 ||   114
         Call Imp          |       |    13 |    21 ||    34
         Blink             |       |     2 |     3 ||     5
         Call Canine Famil |       |       |    18 ||    18
         Scorch            |       |       |     5 ||     5
    Use: Potion            |       |     1 |     1 ||     2
         Scroll            |       |       |    15 ||    15
   Stab: Sleeping          |    15 |     3 |     3 ||    21
         Distracted        |       |     1 |       ||     1
 Armour: Skin              |     2 |    10 |    16 ||    28
  Dodge: Dodged            |    34 |    45 |   131 ||   210

Table legend: (Time is in decaauts)
 A = Elapsed time spent in this place.
 B = Non-inter-level travel time spent in this place.
 C = Inter-level travel time spent in this place.
 D = Time resting spent in this place.
 E = Time spent auto-exploring this place.
 F = Levels seen in this place.
 G = Mean time per level.
                   A        B        C        D        E       F      G
               +--------+--------+--------+--------+--------+-----+--------+
         Total |   6715 |   6478 |    237 |    633 |   4414 |   8 |  839.4 |
       Dungeon |   6598 |   6361 |    237 |    521 |   4414 |   7 |  942.6 |
        Temple |    116 |    116 |      0 |    112 |      0 |   1 |  116.0 |
               +--------+--------+--------+--------+--------+-----+--------+

Top non-repeatable levels by time:
     D:2: 1464 daAuts
     D:1: 1109 daAuts
     D:4: 1041 daAuts
     D:6: 1037 daAuts
     D:3: 863 daAuts
     D:5: 679 daAuts
     D:7: 402 daAuts
  Temple: 116 daAuts
